 Dungeon Crawl Stone Soup version 0.29.1-13-g9f3cf754e1 (webtiles) character file.

Game seed: 4587300340091370229

541 sircluck the Ruffian (level 7, -8/67 HPs)
             Began as a Troll Berserker on Jan 25, 2023.
             Was a Believer of Trog.
             Mangled by an ogre
             ... wielding a +0 giant club
              (26 damage)
             ... on level 5 of the Dungeon.
             The game lasted 00:17:25 (4672 turns).

sircluck the Ruffian (Troll Berserker)              Turns: 4672, Time: 00:17:25

Health: -8/67      AC:  4    Str: 28    XL:     7   Next: 5%
Magic:  6/6        EV: 10    Int:  3    God:    Trog [**....]
Gold:   278        SH:  0    Dex:  9    Spells: 6/6 levels left

rFire   . . .      SeeInvis .     - Unarmed
rCold   . . .      Faith    .   (no shield)
rNeg    . . .      Spirit   .   a - +0 animal skin
rPois   .          Reflect  .   (helmet restricted)
rElec   .          Harm     .   (no cloak)
rCorr   .          Rampage  .   (gloves unavailable)
Will    .....                   (boots unavailable)
Stlth   +.........              (no amulet)
HPRegen 1.01/turn               (no ring)
MPRegen 0.10/turn               (no ring)

@: about to teleport
A: large, unfitting armour, claws 3, regeneration 1, shaggy fur 1, tough skin 1
a: Renounce Religion, Berserk, Trog's Hand


You were on level 5 of the Dungeon.
You worshipped Trog.
Trog was pleased with you.
You visited 2 branches of the dungeon, and saw 6 of its levels.

You collected 278 gold pieces.

Inventory:

Hand Weapons
 g - a +0 hand axe
 h - a +0 lajatang
 t - a +0 arbalest
 u - a +0 spear
 v - a +0 morningstar
 w - a +0 halberd
 x - a +0 shortbow
Missiles
 d - 3 datura-tipped darts (quivered)
 e - 41 stones
 y - a throwing net
Armour
 a - a +0 animal skin (worn)
 c - a +0 robe
Jewellery
 m - an amulet of the acrobat
 p - a ring of protection from fire
Wands
 n - a wand of charming (10)
Scrolls
 o - a scroll of identify {unknown}
 q - a scroll of poison {unknown}
 r - a scroll of blinking {unknown}
 s - a scroll of butterflies {unknown}
Potions
 b - a potion of flight {unknown}
 f - 4 potions of lignification {unknown}
 i - 3 potions of curing {unknown}
 j - a potion of cancellation {unknown}
 l - a potion of heal wounds {unknown}


   Skills:
 + Level 3.3 Fighting
 + Level 3.9 Dodging
 + Level 1.4 Stealth
 + Level 5.9 Unarmed Combat


You had 6 spell levels left.
You didn't know any spells.
Your spell library contained the following spells:

 Spells                   Type           Power      Damage    Failure   Level
 Foxfire                  Conj/Fire      0%         2x1d4     52%         1
 Shock                    Conj/Air       0%         1d3       52%         1
 Conjure Flame            Conj/Fire      0%         6-21      88%         3
 Inner Flame              Hex/Fire       0%         N/A       88%         3
 Swiftness                Air            0%         N/A       88%         3
 Airstrike                Air            0%         2d(0-16)  99%         4
 Flame Wave               Conj/Fire      0%         2d4       99%         4


Dungeon Overview and Level Annotations

Branches:
Dungeon (5/15)             Temple (1/1) D:4

Altars:
Dithmenos
Fedhas
Gozag
Kikubaaqudgha
Makhleb
Qazlal
Ru
Sif Muna
Trog
Vehumet
Wu Jian
Xom
The Shining One

Shops:
D:1 !


Innate Abilities, Weirdness & Mutations

You are too large for most types of armour.
You have claws for hands.
Your natural rate of healing is unusually fast.
You are covered in fur. (AC +1)
You have tough skin. (AC +1)


Message History

An ogre is nearby!
An ogre is nearby!
An ogre is nearby!
An ogre is nearby!
An ogre is nearby!
An ogre is nearby!
An ogre is nearby!
An ogre is nearby!
An ogre is nearby!
An ogre is nearby!
An ogre is nearby!
An ogre is nearby!
A centaur comes into view.
Found 16 gold pieces.
There are monsters nearby!
Found a scroll labelled AMAORR REXZYOQY.
The centaur wields a +0 shortbow.
The centaur shoots an arrow.
The arrow hits you!
The ogre hits you with a +0 giant club!!
You claw the ogre!
The ogre is heavily wounded.
The centaur shoots an arrow.
The arrow hits you! The ogre completely misses you.
You scratch the ogre.
The ogre is heavily wounded.
The centaur shoots an arrow.
The arrow hits you.
* * * LOW HITPOINT WARNING * * *
Aiming: Charm
Press: ? - help, Q - select action, (/) - cycle Shift-Dir - straight line, f - ogre
Aim: an ogre, wielding a +0 giant club (heavily wounded, chance to affect: 49%)
The ogre resists with some effort.
The centaur shoots an arrow.
The arrow hits you but does no damage. The ogre barely misses you.
The centaur shoots an arrow.
The arrow closely misses you.
As you read the scroll labelled GYLAL GY RAFOT, it crumbles to dust.
You feel strangely unstable.
It was a scroll of teleportation.
The centaur shoots an arrow.
The arrow hits you.
* * * LOW HITPOINT WARNING * * *
The ogre hits you with a +0 giant club!!
You die...

####.# # ##.#.........
### ............ ..##
..........? ...#####
#.......... #......#
.......... ##..##.###
#.c...$...
##......######.........
#
###.##........@O......
# #..#######..........
.# ##... ....#........
... ##.##.##.#........
##. .#. #.#........ ..
...#.....$. . .#.
#...... #. . ######


You could see an ogre and a centaur.

Vanquished Creatures
  A centaur (D:5)
  A necrophage (D:4)
  A scorpion (D:5)
  An orc priest (D:4)
  2 hounds (D:5)
  Jessica (D:2)
  Ijyb (D:3)
  An orc wizard (D:4)
  3 gnolls (D:4)
  6 adders
  A white imp (D:4)
  An ufetubus (D:4)
  2 worms
  A dart slug (D:3)
  7 orcs (D:4)
  4 ball pythons
  8 endoplasms
  2 giant cockroaches
  3 goblins
  6 hobgoblins
  7 jackals (D:3)
  7 kobolds
  2 quokkas
  5 bats
  4 rats
78 creatures vanquished.

Vanquished Creatures (others)
  A demonic plant (D:1)
  A withered plant (D:1)
2 creatures vanquished.

Grand Total: 80 creatures vanquished

Notes
Turn   | Place    | Note
-------+----------+-------------------------------------------
     0 | D:1      | sircluck the Troll Berserker began the quest for the Orb.
     0 | D:1      | Reached XP level 1. HP: 22/22 MP: 0/0
   168 | D:1      | Found Suar's Distillery.
   198 | D:1      | Found a faded altar of an unknown god.
   296 | D:1      | Reached XP level 2. HP: 29/29 MP: 1/1
  1198 | D:2      | Reached XP level 3. HP: 36/36 MP: 2/2
  1396 | D:2      | Noticed Jessica
  1411 | D:2      | Killed Jessica
  1412 | D:2      | Reached XP level 4. HP: 45/45 MP: 3/3
  2329 | D:3      | Reached skill level 4 in Unarmed Combat
  2425 | D:3      | Noticed Ijyb
  2436 | D:3      | Killed Ijyb
  2487 | D:3      | Reached XP level 5. HP: 53/53 MP: 4/4
  3404 | D:4      | Reached skill level 5 in Unarmed Combat
  3490 | D:4      | Reached ** piety under Trog
  3514 | D:4      | Reached XP level 6. HP: 61/61 MP: 5/5
  3760 | D:4      | Found a staircase to the Ecumenical Temple.
  4126 | Temple   | Entered the Ecumenical Temple
  4578 | D:5      | Entered Level 5 of the Dungeon
  4605 | D:5      | Reached skill level 1 in Stealth
  4609 | D:5      | Reached XP level 7. HP: 29/67 MP: 6/6
  4672 | D:5      | Mangled by an ogre

Illustrated notes

Levels and vault maps discovered:
D:1:      saegor_arrival_simple_e, layout_loops_corners, serial_shops, shop,
          shapermc_ecumenical_altar_gd, hex_tiny
D:2:      layout_basic, uniq_jessica
D:3:      layout_basic, nicolae_overflow_hidden_temple, chequers_arboretum,
          uniq_ijyb
D:4:      layout_gridville, minmay_temple_entry_poolview
D:5:      layout_rooms
Temple:   oiseaux_autumnal_temple

Skill      XL: |  1  2  3  4  5  6 |
---------------+-------------------+-----
Fighting       | 3 |  3.3
Dodging        | 3 |  3.9
Unarmed Combat | 4 5 |  5.9
Stealth        | 1 |  1.4

Action                   |  1- 3 |  4- 6 |  7- 9 || total
-------------------------+-------+-------+-------++-------
Melee: Unarmed           |    60 |   156 |     2 ||   218
       Punch             |     1 |     2 |       ||     3
Evoke: Wand              |       |     1 |     1 ||     2
  Use: Scroll            |       |     1 |     1 ||     2
 Stab: Sleeping          |       |     1 |       ||     1
Armor: Animal skin       |    19 |    69 |     1 ||    89
Dodge: Dodged            |    34 |   101 |     3 ||   138
